 Dungeon Crawl Stone Soup version 0.29.1-15-g9cfb28693d (webtiles) character file.

Game seed: 14358279994077599950

193 mefisttt the Chiller (level 5, -6/29 HPs)
             Began as a Deep Elf Ice Elementalist on May 2, 2023.
             Killed from afar by Blork the orc (9 damage)
             ... with a puff of flame
             ... on level 4 of the Dungeon.
             The game lasted 00:05:39 (3328 turns).

mefisttt the Chiller (Deep Elf Ice Elementalist)    Turns: 3328, Time: 00:05:40

Health: -6/29      AC: 10    Str:  5    XL:     5   Next: 43%
Magic:  2/13       EV: 13    Int: 22    God:
Gold:   164        SH:  0    Dex: 15    Spells: 5/12 levels left

rFire   . . .      SeeInvis .   d - +0 sling
rCold   . . .      Faith    .   (no shield)
rNeg    . . .      Spirit   .   a - +0 robe
rPois   .          Reflect  .   (no helmet)
rElec   .          Harm     .   (no cloak)
rCorr   .          Rampage  .   j - +0 pair of gloves
Will    .....                   (no boots)
Stlth   ++........              (no amulet)
HPRegen 0.09/turn               (no ring)
MPRegen 0.13/turn               (no ring)

@: ice-armoured, freezing walls
A: no striking features
a: no special abilities


You were on level 4 of the Dungeon.
You visited 1 branch of the dungeon, and saw 4 of its levels.

You collected 164 gold pieces.

Inventory:

Hand Weapons
 d - a +0 sling (weapon)
 e - a +0 short sword
Armour
 a - a +0 robe (worn)
 j - a +0 pair of gloves (worn)
Scrolls
 g - 2 scrolls of torment {unknown}
 l - 2 scrolls of identify {unknown}
 m - a scroll of fog {unknown}
Potions
 b - a potion of magic
 c - a potion of lignification {unknown}
 f - a potion of degeneration {unknown}
 h - 2 potions of curing {unknown}
 i - 3 potions of flight {unknown}
 k - a potion of mutation {unknown}
 n - a potion of heal wounds {unknown}
 o - a potion of might {unknown}


   Skills:
 + Level 1.3 Fighting
 + Level 3.3 Dodging
 + Level 3.5 Stealth
 + Level 4.0 Spellcasting
 * Level 3.0 Conjurations
 + Level 4.9 Ice Magic


You had 5 spell levels left.
You knew the following spells:

 Your Spells              Type           Power      Damage    Failure   Level
a - Freeze                Ice            100%       1d11      1%          1
q - Frozen Ramparts       Ice            52%        1d8       4%          3
z - Ozocubu's Armour      Ice            26%        N/A       4%          3

Your spell library contained the following spells:

 Spells                   Type           Power      Damage    Failure   Level
 Blink                    Tloc           8%         N/A       17%         2
 Dazzling Flash           Conj/Hex       22%        N/A       19%         3
 Hailstorm                Conj/Ice       21%        3d6       22%         4
 Lesser Beckoning         Tloc           4%         N/A       32%         3
 Agony                    Necr           4%         N/A       97%         5
 Manifold Assault         Tloc           4%         N/A       97%         5
 Silence                  Hex/Air        2%         N/A       97%         5


Dungeon Overview and Level Annotations

Branches:
Dungeon (4/15)
 Temple: D:4-7

Altars:

Shops:
D:3 :

Annotations:
D:4 Blork the orc


Message History

Blork the orc hits you from afar with a +0 halberd.
Blork the orc gestures at you while chanting.
The puff of flame misses you.
Casting: Ozocubu's Armour (dangerous; 4% risk of failure)
Confirm with . or Enter, or press ? or * to list all spells.
Casting: Frozen Ramparts (dangerous; 4% risk of failure)
Press: ? - help, Dir - look around, f - activate The walls around you are covered in ice.
The wall freezes Blork the orc. x2
Blork the orc gestures at you while chanting.
The magic dart hits you!
* * * LOW HITPOINT WARNING * * *
Casting: Frozen Ramparts (dangerous; 4% risk of failure)
Confirm with . or Enter, or press ? or * to list all spells.
A film of ice covers your body!
The wall freezes Blork the orc.
Blork the orc barely misses you.
You are too injured to fight recklessly!
You aren't carrying any items that you can evoke.
Okay, then.
Unknown command.
Fire: d) +0 sling
Press: ? - help, Shift-Dir - straight line, f - Blork the orc
Aim: Blork the orc, wielding a +0 halberd and wearing a +0 robe (heavily wounded, fast, 58% to hit)
You shoot a sling bullet.
The sling bullet hits Blork the orc but does no damage.
Blork the orc is heavily wounded.
The wall freezes Blork the orc.
Blork the orc barely misses you.
The wall freezes Blork the orc.
Blork the orc hits you from afar with a +0 halberd.
* * * LOW HITPOINT WARNING * * *
Fire: d) +0 sling
Press: ? - help, Shift-Dir - straight line, f/p - Blork the orc
Aim: Blork the orc, wielding a +0 halberd and wearing a +0 robe (severely wounded, fast, 58% to hit)
You shoot a sling bullet.
The sling bullet barely misses Blork the orc.
The wall freezes Blork the orc.
Blork the orc barely misses you.
The wall freezes Blork the orc.
Blork the orc gestures at you while chanting.
The puff of flame hits you!
You die...

#......#.
##........
#.......#.
##.....#.#
##......#...
##.......# ..
#........#
#........#
#@.......#
#..........
##o.........#
#............
#............
#...........
...$.......
#...........
............


You could see Blork the orc (fast).

Vanquished Creatures
  A necrophage (D:3)
  Terence (D:3)
  3 gnolls (D:2)
  An adder (D:2)
  3 dart slugs
  3 bats
  2 endoplasms
  3 giant cockroaches
  11 goblins
  4 hobgoblins
  2 jackals (D:2)
  6 kobolds
  2 quokkas
  7 ball pythons
  3 frilled lizards
  6 rats
58 creatures vanquished.

Vanquished Creatures (others)
  A plant (D:1)
1 creature vanquished.

Grand Total: 59 creatures vanquished

Notes
Turn   | Place    | Note
-------+----------+-------------------------------------------
     0 | D:1      | mefisttt the Deep Elf Ice Elementalist began the quest for
                  | the Orb.
     0 | D:1      | Reached XP level 1. HP: 10/10 MP: 6/6
   288 | D:1      | Reached XP level 2. HP: 15/15 MP: 8/8
   435 | D:1      | Reached skill level 1 in Conjurations
   770 | D:1      | Found a faded altar of an unknown god.
  1193 | D:2      | Reached XP level 3. HP: 20/20 MP: 7/9
  1197 | D:2      | Learned a level 3 spell: Frozen Ramparts
  1202 | D:2      | Learned a level 3 spell: Ozocubu's Armour
  1636 | D:2      | Reached XP level 4. HP: 24/24 MP: 7/11
  1637 | D:2      | Reached skill level 1 in Fighting
  2285 | D:3      | Noticed Terence
  2299 | D:3      | Killed Terence
  2577 | D:3      | Found Serics's Book Shop.
  2842 | D:3      | Noticed a necrophage
  2870 | D:3      | Killed a necrophage
  2871 | D:3      | Reached XP level 5. HP: 27/29 MP: 1/13
  3312 | D:4      | Noticed Blork the orc
  3328 | D:4      | Killed from afar by Blork the orc

Illustrated notes

Levels and vault maps discovered:
D:1:      psy_arrival_radial02, layout_basic, serial_glass, glass_columns_a,
          glass_columns_b, hellmonk_ecumenical_altar_lost_god,
          minmay_shallow_snake_nest
D:2:      layout_loops_corners
D:3:      layout_basic, serial_shops, nicolae_shop_behind_doors, uniq_terence
D:4:      layout_cave_pods, uniq_blork_the_orc

Skill      XL: |  1  2  3  4 |
---------------+-------------+-----
Conjurations   | 1 2 3 |  3.0
Stealth        | 3 |  3.5
Fighting       | 1 |  1.3
Dodging        | 3 |  3.3
Spellcasting   | 4 |  4.0
Ice Magic      | |  4.9

Action                   |  1- 3 |  4- 6 || total
-------------------------+-------+-------++-------
 Fire: Sling             |    62 |    59 ||   121
 Cast: Freeze            |    22 |    11 ||    33
       Frozen Ramparts   |     1 |     5 ||     6
       Ozocubu's Armour  |       |     4 ||     4
Armor: Robe              |     4 |     8 ||    12
Dodge: Dodged            |    14 |    22 ||    36
